 Dungeon Crawl Stone Soup version 0.26.0-15-gc6cd9f700b (webtiles) character file.

Game seed: 10413998840990502444

218 Phong the Digger (level 5, -3/31 HPs)
             Began as an Octopode Earth Elementalist on Jan 16, 2021.
             Killed by nerve-wracking pain
             ... invoked by Grinder
              (9 damage)
             ... on level 4 of the Dungeon.
             The game lasted 00:08:44 (3393 turns).

Phong the Digger (Octopode Earth Elementalist)      Turns: 3393, Time: 00:08:44

Health: -3/31      AC:  1    Str:  8    XL:     5   Next: 95%
Magic:  9/9        EV: 13    Int: 18    God:
Gold:   104        SH:  0    Dex: 12    Spells: 0/10 levels left

rFire    . . .     SeeInvis .   e - +1 short sword
rCold    . . .     Faith    .   (no shield)
rNeg     . . .     Spirit   .   (helmet restricted)
rPois    .         Reflect  .   (no amulet)
rElec    .         Harm     .   k - ring of wizardry
rCorr    .         Rampage  .   (no ring)
Will     .....                  (no ring)
Stlth    +++.......             (no ring)
HPRegen  0.10/turn              (no ring)
MPRegen  0.11/turn              (no ring)
                                (no ring)
                                (no ring)

@: berserk cooldown, very slightly contaminated, slowed, invisible, very slow
A: almost no armour, stealthy swim, amphibious, 8 rings, constrict 8, camouflage
1, gelatinous body 1
a: no special abilities


You were on level 4 of the Dungeon.
You visited 1 branch of the dungeon, and saw 4 of its levels.

You collected 104 gold pieces.

Inventory:

Hand Weapons
 e - a +1 short sword (weapon)
Missiles
 b - 43 stones
 o - 21 poisoned darts
 s - 4 curare-tipped darts
Jewellery
 k - a ring of wizardry (left tentacle)
Wands
 j - a wand of flame (8)
Scrolls
 c - a scroll of magic mapping
 d - a scroll of teleportation {unknown}
 g - a scroll of enchant weapon
 h - a scroll of fear {unknown}
 l - a scroll of fog {unknown}
 m - a scroll of remove curse
Potions
 a - a potion of attraction
 f - a potion of invisibility
 i - 2 potions of flight
 n - a potion of mutation
 p - 2 potions of brilliance {unknown}
 r - a potion of cancellation {unknown}


   Skills:
 - Level 2.0 Short Blades
 - Level 2.0 Dodging
 - Level 3.0 Stealth
 + Level 3.1 Spellcasting
 - Level 2.0 Conjurations
 + Level 1.2 Transmutations
 * Level 4.6 Earth Magic


You couldn't memorise any spells.
You knew the following spells:

 Your Spells              Type           Power        Failure   Level
a - Sandblast             Erth           38%          1%          1
b - Passwall              Tmut/Erth      10%          3%          2
c - Stone Arrow           Conj/Erth      28%          4%          3
d - Petrify               Tmut/Erth      13%          19%         4

Your spell library contained the following spells:

 Spells                   Type           Power        Failure   Level
 Lee's Rapid Deconstruct  Erth           9%           26%         5


Dungeon Overview and Level Annotations

Branches:
Dungeon (4/15)
 Temple: D:4-7

Altars:
Sif Muna

Annotations:
D:4 Grinder


Innate Abilities, Weirdness & Mutations

You cannot wear most types of armour.
You are very stealthy in the water. (Stealth+)
You are amphibious.
You can wear up to eight rings at the same time.
You can use your tentacles to constrict eight enemies at once.
Your skin changes colour to match your surroundings (Stealth+).
Your rubbery body absorbs attacks. (AC +1, EV +1)


Message History

Grinder struggles to blink free from constriction.
Unknown command.
You puncture Grinder!
Grinder is severely wounded.
You constrict Grinder.
Grinder blinks free!
Unknown command.
You are too berserk!
Unknown command.
You feel a strong urge to attack something.
You feel your anger nearly subside.
You are no longer berserk.
You pass out from exhaustion.
You feel yourself slow down.
You can move again.
Unknown command.
You fade into invisibility!
You are very lightly contaminated with residual magic.
Unknown command.
Grinder gestures at you. Pain shoots through your body!
You die...

#....... #...#.## ####
#.....# ... ##..#.## #.$
### #...... #.# ##.##
##.#### #.# ##...## #.#
##5#######.....###.#
###.####.#...@...)........#
........#.#######.....#####
###...#.### ##...## ### #.#
##.## #.# ### ... ...##
....# .....#


You could see Grinder.

Vanquished Creatures
  A bullfrog (D:2)
  Natasha (thrice) (D:3)
  3 adders (D:3)
  A worm (D:3)
  A dart slug (D:2)
  2 leopard geckos (D:1)
  5 bats
  6 goblins
  6 hobgoblins
  10 jackals
  5 frilled lizards
  6 kobolds
  4 rats
53 creatures vanquished.

Notes
Turn   | Place    | Note
-------+----------+-------------------------------------------
     0 | D:1      | Phong the Octopode Earth Elementalist began the quest for
                  | the Orb.
     0 | D:1      | Reached XP level 1. HP: 11/11 MP: 3/3
     2 | D:1      | Noticed a naga
     2 | D:1      | Noticed a formicid
     4 | D:1      | Noticed a vampire
     6 | D:1      | Noticed a gargoyle
     6 | D:1      | Noticed a dwarf
     8 | D:1      | Noticed a spriggan
    10 | D:1      | Noticed a centaur
    10 | D:1      | Noticed a ghoul
    12 | D:1      | Noticed an octopode
    12 | D:1      | Noticed a troll
    14 | D:1      | Noticed a felid
    14 | D:1      | Noticed a draconian
    16 | D:1      | Noticed a minotaur
    18 | D:1      | Noticed a human
    18 | D:1      | Noticed a demigod
    20 | D:1      | Noticed an ogre
    20 | D:1      | Noticed a vine stalker
    22 | D:1      | Noticed an elf
    22 | D:1      | Noticed a tengu
    24 | D:1      | Noticed a demonspawn
    24 | D:1      | Noticed a halfling
    26 | D:1      | Noticed a merfolk
   260 | D:1      | Reached XP level 2. HP: 13/17 MP: 5/5
   263 | D:1      | Learned a level 2 spell: Passwall
   706 | D:1      | Reached XP level 3. HP: 19/21 MP: 6/6
   710 | D:1      | Learned a level 3 spell: Stone Arrow
   960 | D:2      | Noticed a bullfrog
   967 | D:2      | Killed a bullfrog
   968 | D:2      | Reached skill level 1 in Short Blades
   968 | D:2      | Reached skill level 1 in Conjurations
   968 | D:2      | Reached skill level 4 in Earth Magic
   968 | D:2      | Reached XP level 4. HP: 14/27 MP: 1/7
  1209 | D:2      | Found a shimmering blue altar of Sif Muna.
  2126 | D:3      | Reached XP level 5. HP: 22/31 MP: 8/8
  2760 | D:3      | Noticed Natasha
  2767 | D:3      | Killed Natasha
  2850 | D:3      | Noticed Natasha
  2856 | D:3      | Killed Natasha
  2862 | D:3      | Learned a level 4 spell: Petrify
  3151 | D:3      | Noticed Natasha
  3164 | D:3      | Killed Natasha
  3371 | D:4      | Noticed Grinder
  3374 | D:4      | Paralysed by Grinder for 3 turns
  3393 | D:4      | Killed from afar by Grinder

Illustrated notes

Levels and vault maps discovered:
D:1:      kb_arrival_jail, layout_basic
D:2:      layout_loops_ring, lemuel_crystal_altar
D:3:      layout_rooms, uniq_natasha
D:4:      layout_loops_ring, hangedman_feature_mirror, uniq_grinder

Skill      XL: |  1  2  3  4  5 |
---------------+----------------+-----
Stealth        | 3 |  3.0
Short Blades   | 1 2 |  2.0
Conjurations   | 1 2 |  2.0
Earth Magic    | 4 |  4.6
Spellcasting   | 3 |  3.1
Dodging        | |  2.0
Transmutations | |  1.2

Action                   |  1- 3 |  4- 6 || total
-------------------------+-------+-------++-------
Melee: Unarmed           |    28 |       ||    28
       Constrict         |    17 |    21 ||    38
       Tentacles         |    13 |    13 ||    26
       Short sword       |    28 |    76 ||   104
       Club              |     2 |       ||     2
 Cast: Sandblast         |     4 |     7 ||    11
       Stone Arrow       |       |     1 ||     1
  Use: Scroll            |       |     8 ||     8
       Potion            |       |     2 ||     2
 Stab: Sleeping          |     5 |     3 ||     8
Armor: Skin              |    14 |     6 ||    20
Dodge: Dodged            |    37 |    42 ||    79
